| TOP OF THE 1ST |
|
San Diego Padres batting - Pitching for Los Angeles Dodgers : RHP John Bialon
|
|
Pitching: RHP John Bialon
|
|
|
Batting: SHB Phil Zacharia
|
0-0: Ball 1-0: Ball 2-0: Swinging Strike 2-1: Ball 3-1: Called Strike 3-2: Base on Balls
|
|
Batting: RHB Eisse Bravenboer
|
0-0: Ball 1-0: Foul Ball, location: 2F 1-1: Ball 2-1: Ball 3-1: SINGLE (Groundball, 4MD, EV 100.6 MPH) Phil Zacharia to second Runner from 2nd tries for 3rd, SAFE, throw by CF made to third
|
|
Batting: RHB Hugo Bautista
|
0-0: Ball 1-0: Ground out 6-3 (Groundball, 6S, EV 75.0 MPH) Phil Zacharia scores Eisse Bravenboer to second
|
|
Batting: RHB Elijah Campbell
|
0-0: Called Strike 0-1: Ball 1-1: Ball 2-1: Foul Ball, location: 2F 2-2: Ball 3-2: Foul Ball, location: 2F 3-2: Strikes out swinging
|
|
Batting: SHB Adam Martin
|
0-0: Ground out 5-3 (Groundball, 5S, EV 89.4 MPH)
|
| Top of the 1st over - 1 run, 1 hit, 0 errors, 1 left on base; San Diego 1 - Los Angeles 0 |
| BOTTOM OF THE 1ST |
|
Los Angeles Dodgers batting - Pitching for San Diego Padres : LHP Matt Wheeler
|
|
Pitching: LHP Matt Wheeler
|
|
|
Batting: RHB Tim Nettles
|
0-0: Ball 1-0: Ball 2-0: Called Strike 2-1: Ground out 6-3 (Groundball, 6, EV 91.2 MPH)
|
|
Batting: SHB Joel Baker
|
0-0: Foul Ball, location: 2F 0-1: Ball 1-1: Foul Ball, location: 2F 1-2: Ball 2-2: Foul Ball, location: 2F 2-2: Strikes out swinging
|
|
Batting: LHB Lirak Bazhunaishvili
|
0-0: Ball 1-0: Called Strike 1-1: Ground out 6-3 (Groundball, 6, EV 103.1 MPH)
|
| Bottom of the 1st over - 0 runs, 0 hits, 0 errors, 0 left on base; San Diego 1 - Los Angeles 0 |
| TOP OF THE 2ND |
|
San Diego Padres batting - Pitching for Los Angeles Dodgers : RHP John Bialon
|
|
Batting: LHB Carlos Cuellar
|
0-0: Ground out 1-3 (Groundball, 34S, EV 67.5 MPH)
|
|
Batting: RHB Masashi Yukizawa
|
0-0: Ball 1-0: Ball 2-0: Ball 3-0: Called Strike 3-1: Fly out, F8 (Line Drive, 8RM, EV 86.9 MPH)
|
|
Batting: RHB Rodolfo Rivera
|
0-0: Called Strike 0-1: Ball 1-1: Ground out U3 (Groundball, 13, EV 81.2 MPH)
|
| Top of the 2nd over - 0 runs, 0 hits, 0 errors, 0 left on base; San Diego 1 - Los Angeles 0 |
| BOTTOM OF THE 2ND |
|
Los Angeles Dodgers batting - Pitching for San Diego Padres : LHP Matt Wheeler
|
|
Batting: RHB Clay Buchanan
|
0-0: Called Strike 0-1: Foul Ball, location: 2F 0-2: Hit by Pitch
|
|
Batting: RHB Danny Dyer
|
0-0: Called Strike 0-1: Ball 1-1: Ball 2-1: Fly out, F8 (Flyball, 8LM, EV 81.9 MPH)
|
|
Batting: RHB Ben Mischnick
|
0-0: Called Strike Clay Buchanan steals 2nd base (no throw) 0-1: Ball 1-1: Ball 2-1: Foul Ball, location: 2F 2-2: Foul Ball, location: 2F 2-2: Ground out U3 (Groundball, 34S, EV 89.4 MPH) Clay Buchanan to third
|
|
Batting: RHB John Piccolo
|
0-0: Called Strike 0-1: Ground out 3-1 (Groundball, 13, EV 79.4 MPH)
|
| Bottom of the 2nd over - 0 runs, 0 hits, 0 errors, 1 left on base; San Diego 1 - Los Angeles 0 |
| TOP OF THE 3RD |
|
San Diego Padres batting - Pitching for Los Angeles Dodgers : RHP John Bialon
|
|
Batting: RHB Wally Cangro
|
0-0: Ball 1-0: Foul Ball, location: 2F 1-1: Foul Ball, location: 2F 1-2: Ball 2-2: Fly out, F9 (Flyball, 9, EV 78.8 MPH)
|
|
Batting: SHB Phil Zacharia
|
0-0: Foul Ball, location: 2F 0-1: Fly out, F5 (Popup, 5L, EV 65.6 MPH)
|
|
Batting: RHB Eisse Bravenboer
|
0-0: Foul Ball, location: 2F 0-1: Ground out 4-3 (Groundball, 4, EV 86.9 MPH)
|
| Top of the 3rd over - 0 runs, 0 hits, 0 errors, 0 left on base; San Diego 1 - Los Angeles 0 |
| BOTTOM OF THE 3RD |
|
Los Angeles Dodgers batting - Pitching for San Diego Padres : LHP Matt Wheeler
|
|
Batting: LHB Stephen Van Raalte
|
0-0: Swinging Strike 0-1: Foul Ball, location: 2F 0-2: Foul Ball, location: 2F 0-2: Foul Ball, location: 2F 0-2: Foul Ball, location: 2F 0-2: Ball 1-2: Strikes out swinging
|
|
Batting: RHB Leonardo Nava
|
0-0: Ball 1-0: SINGLE (Flyball, 8RM, EV 75.6 MPH)
|
|
Batting: RHB Tim Nettles
|
0-0: Called Strike 0-1: Foul Ball, location: 2F 0-2: Ground out 5-3 (Groundball, 56S, EV 71.2 MPH) Leonardo Nava to second
|
|
Batting: SHB Joel Baker
|
0-0: Fly out, F9 (Flyball, 89D, EV 93.8 MPH)
|
| Bottom of the 3rd over - 0 runs, 1 hit, 0 errors, 1 left on base; San Diego 1 - Los Angeles 0 |
| TOP OF THE 4TH |
|
San Diego Padres batting - Pitching for Los Angeles Dodgers : RHP John Bialon
|
|
Batting: RHB Hugo Bautista
|
0-0: Ball 1-0: Swinging Strike 1-1: Ground out 3-1 (Groundball, 34S, EV 60.6 MPH)
|
|
Batting: RHB Elijah Campbell
|
0-0: Ball 1-0: Swinging Strike 1-1: Ball 2-1: Called Strike 2-2: Ball 3-2: Strikes out swinging
|
|
Batting: SHB Adam Martin
|
0-0: Ball 1-0: Ball 2-0: Fly out, F5 (Popup, 5F, EV 60.6 MPH)
|
| Top of the 4th over - 0 runs, 0 hits, 0 errors, 0 left on base; San Diego 1 - Los Angeles 0 |
| BOTTOM OF THE 4TH |
|
Los Angeles Dodgers batting - Pitching for San Diego Padres : LHP Matt Wheeler
|
|
Batting: LHB Lirak Bazhunaishvili
|
0-0: Foul Ball, location: 2F 0-1: Ball 1-1: Foul Ball, location: 2F 1-2: Foul Ball, location: 2F 1-2: SINGLE (Flyball, 3D, EV 86.2 MPH)
|
|
Batting: RHB Clay Buchanan
|
0-0: Called Strike 0-1: Called Strike 0-2: Foul Ball, location: 2F 0-2: Foul Ball, location: 2F 0-2: Ball 1-2: Foul Ball, location: 2F 1-2: 2-RUN HOME RUN (Flyball, 89XD, EV 105.0 MPH), Distance : 408 ft
|
|
Batting: RHB Danny Dyer
|
0-0: Called Strike 0-1: Ball 1-1: SOLO HOME RUN (Flyball, 7D, EV 98.1 MPH), Distance : 376 ft
|
|
Batting: RHB Ben Mischnick
|
0-0: Called Strike 0-1: Foul Ball, location: 2F 0-2: Fly out, F8 (Flyball, 8RM, EV 81.9 MPH)
|
|
Batting: RHB John Piccolo
|
0-0: Ball 1-0: Foul Ball, location: 2F 1-1: Fly out, F8 (Flyball, 89S, EV 80.0 MPH)
|
|
Batting: LHB Stephen Van Raalte
|
0-0: Called Strike 0-1: Ball 1-1: Foul Ball, location: 2F 1-2: Ball 2-2: Ball 3-2: Foul Ball, location: 2F 3-2: Strikes out looking
|
| Bottom of the 4th over - 3 runs, 3 hits, 0 errors, 0 left on base; San Diego 1 - Los Angeles 3 |
| TOP OF THE 5TH |
|
San Diego Padres batting - Pitching for Los Angeles Dodgers : RHP John Bialon
|
|
Batting: LHB Carlos Cuellar
|
0-0: Swinging Strike 0-1: Fly out, F9 (Line Drive, 89D, EV 99.4 MPH)
|
|
Batting: RHB Masashi Yukizawa
|
0-0: Ball 1-0: Foul Ball, location: 2F 1-1: Ball 2-1: Ball 3-1: Foul Ball, location: 2F 3-2: Foul Ball, location: 2F 3-2: Base on Balls
|
|
Batting: RHB Rodolfo Rivera
|
0-0: Called Strike 0-1: Swinging Strike 0-2: Ball Masashi Yukizawa steals 2nd base (no throw) 1-2: Strikes out swinging
|
|
Batting: RHB Wally Cangro
|
0-0: Ball 1-0: Called Strike 1-1: 2-RUN HOME RUN (Flyball, 78XD, EV 99.4 MPH), Distance : 396 ft
|
|
Batting: SHB Phil Zacharia
|
0-0: SINGLE (Line Drive, 8LS, EV 100.6 MPH)
|
|
Batting: RHB Eisse Bravenboer
|
0-0: Fly out, F8 (Flyball, 8RXD, EV 104.4 MPH)
|
| Top of the 5th over - 2 runs, 2 hits, 0 errors, 1 left on base; San Diego 3 - Los Angeles 3 |
| BOTTOM OF THE 5TH |
|
Los Angeles Dodgers batting - Pitching for San Diego Padres : LHP Matt Wheeler
|
|
Batting: RHB Leonardo Nava
|
0-0: Ground out 6-3 (Groundball, 6M, EV 96.2 MPH)
|
|
Batting: RHB Tim Nettles
|
0-0: Foul Ball, location: 2F 0-1: Ball 1-1: Swinging Strike 1-2: Foul Ball, location: 2F 1-2: Fly out, F9 (Flyball, 89M, EV 91.9 MPH)
|
|
Batting: SHB Joel Baker
|
0-0: Swinging Strike 0-1: Ball 1-1: Ball 2-1: Foul Ball, location: 2F 2-2: Ball 3-2: Foul Ball, location: 2F 3-2: Strikes out swinging
|
| Bottom of the 5th over - 0 runs, 0 hits, 0 errors, 0 left on base; San Diego 3 - Los Angeles 3 |
| TOP OF THE 6TH |
|
San Diego Padres batting - Pitching for Los Angeles Dodgers : RHP John Bialon
|
|
Batting: RHB Hugo Bautista
|
0-0: Ball 1-0: Foul Ball, location: 2F 1-1: Called Strike 1-2: Strikes out swinging
|
|
Batting: RHB Elijah Campbell
|
0-0: Called Strike 0-1: Foul Ball, location: 2F 0-2: Fly out, F7 (Flyball, 7LS, EV 78.1 MPH)
|
|
Batting: SHB Adam Martin
|
0-0: Foul Ball, location: 2F 0-1: Ball 1-1: Fly out, F7 (Flyball, 7S, EV 88.8 MPH)
|
| Top of the 6th over - 0 runs, 0 hits, 0 errors, 0 left on base; San Diego 3 - Los Angeles 3 |
| BOTTOM OF THE 6TH |
|
Los Angeles Dodgers batting - Pitching for San Diego Padres : LHP Matt Wheeler
|
|
Batting: LHB Lirak Bazhunaishvili
|
0-0: Called Strike 0-1: Ball 1-1: Foul Ball, location: 2F 1-2: Fly out, F4 (Popup, 4MD, EV 53.8 MPH)
|
|
Batting: RHB Clay Buchanan
|
0-0: Called Strike 0-1: Called Strike 0-2: Ball 1-2: Strikes out swinging
|
|
Batting: RHB Danny Dyer
|
0-0: Ball 1-0: Called Strike 1-1: Ball 2-1: Fly out, F9 (Flyball, 9, EV 83.8 MPH)
|
| Bottom of the 6th over - 0 runs, 0 hits, 0 errors, 0 left on base; San Diego 3 - Los Angeles 3 |
| TOP OF THE 7TH |
|
San Diego Padres batting - Pitching for Los Angeles Dodgers : RHP John Bialon
|
|
Pitching: LHP Gavin White
|
|
|
Pinch Hitting: RHB Kaeo Zirpoli
|
0-0: Called Strike 0-1: Ball 1-1: DOUBLE (Line Drive, 89D, EV 109.4 MPH)
|
|
Batting: RHB Masashi Yukizawa
|
0-0: DOUBLE (Groundball, 5L, EV 98.1 MPH) Kaeo Zirpoli scores
|
|
Batting: RHB Rodolfo Rivera
|
0-0: Intentional Walk
|
|
Batting: RHB Wally Cangro
|
0-0: Sac Bunt to 2L - play at first, batter OUT! 2-4 Masashi Yukizawa to third Rodolfo Rivera to second
|
|
Batting: SHB Phil Zacharia
|
0-0: Ball 1-0: Called Strike 1-1: Ball 2-1: Foul Ball, location: 2F 2-2: Foul Ball, location: 2F 2-2: Strikes out swinging
|
|
Batting: RHB Eisse Bravenboer
|
0-0: Ball 1-0: Called Strike 1-1: Foul Ball, location: 2F 1-2: 3-RUN HOME RUN (Flyball, 9D, EV 99.4 MPH), Distance : 364 ft
|
|
Pitching: RHP Craig Fallon
|
|
|
Batting: RHB Hugo Bautista
|
0-0: Called Strike 0-1: Ball 1-1: Foul Ball, location: 2F 1-2: SINGLE (Line Drive, 4M, EV 103.1 MPH)
|
|
Batting: RHB Elijah Campbell
|
0-0: Called Strike Hugo Bautista steals 2nd base 0-1: Ball 1-1: Ground out 3-1 (Groundball, 34, EV 83.8 MPH)
|
| Top of the 7th over - 4 runs, 4 hits, 0 errors, 1 left on base; San Diego 7 - Los Angeles 3 |
| BOTTOM OF THE 7TH |
|
Los Angeles Dodgers batting - Pitching for San Diego Padres : LHP Matt Wheeler
|
|
Now in LF: Wally Cangro
|
|
|
Now in CF: Kaeo Zirpoli
|
|
|
Batting: RHB Ben Mischnick
|
0-0: Called Strike 0-1: Ball 1-1: Ball 2-1: Called Strike 2-2: SINGLE (Line Drive, 6D, EV 97.5 MPH)
|
|
Pitching: RHP Bryce Cleavinger
|
|
|
Batting: RHB John Piccolo
|
0-0: Ball 1-0: Called Strike 1-1: Ball 2-1: SINGLE (Flyball, 7S, EV 92.5 MPH) Ben Mischnick to second
|
|
Batting: LHB Stephen Van Raalte
|
0-0: Ball 1-0: Fly out, F2 (Popup, 5SF, EV 74.4 MPH)
|
|
Batting: RHB Leonardo Nava
|
0-0: Called Strike 0-1: Foul Ball, location: 2F 0-2: Fly out, F8 (Line Drive, 8LD, EV 88.8 MPH)
|
|
Batting: RHB Tim Nettles
|
0-0: Foul Ball, location: 2F 0-1: DOUBLE (Flyball, 78D, EV 113.8 MPH) Ben Mischnick scores John Piccolo to third
|
|
Batting: SHB Joel Baker
|
0-0: Ball 1-0: Called Strike 1-1: SINGLE (Groundball, 5S, EV 66.2 MPH) (infield hit) John Piccolo scores Tim Nettles to third
|
|
Batting: LHB Lirak Bazhunaishvili
|
0-0: Ball 1-0: Called Strike 1-1: Ball 2-1: SINGLE (Groundball, 6D, EV 98.8 MPH) Tim Nettles scores Joel Baker to second Runner from 2nd tries for 3rd, SAFE, throw by LF made to third
|
|
Batting: RHB Clay Buchanan
|
0-0: Ball 1-0: Fly out, F8 (Flyball, 8RS, EV 93.1 MPH)
|
| Bottom of the 7th over - 3 runs, 5 hits, 0 errors, 2 left on base; San Diego 7 - Los Angeles 6 |
| TOP OF THE 8TH |
|
San Diego Padres batting - Pitching for Los Angeles Dodgers : RHP Craig Fallon
|
|
Pitching: RHP Joon-ho Rhee
|
|
|
Batting: SHB Adam Martin
|
0-0: Swinging Strike 0-1: Called Strike 0-2: Ball 1-2: Foul Ball, location: 2F 1-2: Ball 2-2: Foul Ball, location: 2F 2-2: Ball 3-2: Strikes out swinging
|
|
Batting: RHB Kaeo Zirpoli
|
0-0: Swinging Strike 0-1: Ball 1-1: Ball 2-1: Foul Ball, location: 2F 2-2: Ball 3-2: Foul Ball, location: 2F 3-2: Base on Balls
|
|
Batting: RHB Masashi Yukizawa
|
0-0: Grounds into double play, 4-6-3 (Groundball, 4, EV 104.4 MPH)
|
| Top of the 8th over - 0 runs, 0 hits, 0 errors, 0 left on base; San Diego 7 - Los Angeles 6 |
| BOTTOM OF THE 8TH |
|
Los Angeles Dodgers batting - Pitching for San Diego Padres : RHP Bryce Cleavinger
|
|
Pitching: RHP Nate Mull
|
|
|
Now at 2B: Elijah Campbell
|
|
|
Now at 3B: Hildo Pot
|
|
|
Now at SS: Masashi Yukizawa
|
|
|
Now in LF: Hugo Bautista
|
|
|
Batting: RHB Danny Dyer
|
0-0: Foul Ball, location: 2F 0-1: Ball 1-1: Called Strike 1-2: Ball 2-2: Fly out, F5 (Popup, 5, EV 79.4 MPH)
|
|
Pinch Hitting: LHB Juan Concepcion
|
0-0: Ball 1-0: Foul Ball, location: 2F 1-1: Swinging Strike 1-2: Strikes out swinging
|
|
Batting: RHB John Piccolo
|
0-0: SINGLE (Line Drive, 3D, EV 98.1 MPH)
|
|
Batting: LHB Stephen Van Raalte
|
0-0: Ball 1-0: Called Strike 1-1: Ball 2-1: Ball 3-1: Foul Ball, location: 2F 3-2: Foul Ball, location: 2F 3-2: Foul Ball, location: 2F 3-2: Base on Balls John Piccolo to second
|
|
Pinch Hitting: SHB Shane Marcum
|
0-0: Fly out, F2 (Popup, 2R, EV 95.6 MPH)
|
| Bottom of the 8th over - 0 runs, 1 hit, 0 errors, 2 left on base; San Diego 7 - Los Angeles 6 |
| TOP OF THE 9TH |
|
San Diego Padres batting - Pitching for Los Angeles Dodgers : RHP Joon-ho Rhee
|
|
Pitching: RHP Nate Allen
|
|
|
Now at 2B: Lirak Bazhunaishvili
|
|
|
Now at 3B: Shane Marcum
|
|
|
Now in RF: Juan Concepcion
|
|
|
Pinch Hitting: LHB Mike Holt
|
0-0: Called Strike 0-1: Ball 1-1: Foul Ball, location: 2F 1-2: Fly out, F7 (Flyball, 7LS, EV 86.9 MPH)
|
|
Batting: RHB Hildo Pot
|
0-0: Ball 1-0: Ball 2-0: Ball 3-0: Base on Balls
|
|
Batting: SHB Phil Zacharia
|
0-0: Ball Hildo Pot steals 2nd base 1-0: Intentional Walk
|
|
Batting: RHB Eisse Bravenboer
|
0-0: Ball 1-0: Ball 2-0: Foul Ball, location: 2F 2-1: Ball 3-1: Called Strike 3-2: Foul Ball, location: 2F 3-2: Foul Ball, location: 2F 3-2: Base on Balls Hildo Pot to third Phil Zacharia to second
|
|
Batting: RHB Hugo Bautista
|
0-0: Ball 1-0: Called Strike 1-1: Called Strike 1-2: Strikes out swinging
|
|
Batting: RHB Elijah Campbell
|
0-0: Ball 1-0: Ball 2-0: Swinging Strike 2-1: Called Strike 2-2: Fly out, F5 (Popup, 56D, EV 68.8 MPH)
|
| Top of the 9th over - 0 runs, 0 hits, 0 errors, 3 left on base; San Diego 7 - Los Angeles 6 |
| BOTTOM OF THE 9TH |
|
Los Angeles Dodgers batting - Pitching for San Diego Padres : RHP Nate Mull
|
|
Pitching: LHP Yuri Thra
|
|
|
Now at C: Manny Vergara
|
|
|
Batting: RHB Tim Nettles
|
0-0: Fly out, F4 (Popup, 4MD, EV 50.6 MPH)
|
|
Batting: SHB Joel Baker
|
0-0: Ball 1-0: Ground out 4-3 (Groundball, 4, EV 100.0 MPH)
|
|
Batting: LHB Lirak Bazhunaishvili
|
0-0: Called Strike 0-1: Ball 1-1: Foul Ball, location: 2F 1-2: Strikes out swinging
|
| Bottom of the 9th over - 0 runs, 0 hits, 0 errors, 0 left on base; San Diego 7 - Los Angeles 6 |
|